Map: Ruins of Seras

Players

capac

  • Race: Terran Terran
  • League: Gold

Aradan - Winner!

  • Race: Terran Terran
  • League: Gold

VOD

Have the link to the VOD?

Description

Time

  • Played on: Feb. 26, 2016, 1:56 p.m.
  • Length: 37:57
Show
View Real Time Build Order
Export as new Build Order

capac Terran 

Build Orders: MMM Bio 

Get SALT Encoding   

  12  0:01  SCV  
  13  0:13  SCV  
  14  0:18  Supply Depot  
  14  0:25  SCV  
  15  0:40  SCV  
  16  0:43  Barracks  
  16  0:51  Refinery  
  16  0:52  SCV  
  17  1:04  SCV  
  18  1:16  SCV  
  19  1:28  SCV  
  20  1:36  Command Center  
  20  1:39  Barracks Reactor  
  20  1:43  SCV  
  21  1:51  Supply Depot  
  21  2:01  Orbital Command  
  21  2:19  Marine x2  
  23  2:26  Factory  
  23  2:31  SCV  
  24  2:39  Marine x2  
  24  2:43  SCV  
  24  2:44  Refinery  
  26  2:58  Bunker  
  26  2:59  Orbital Command  
  26  3:04  Marine  
  26  3:05  Marine  
  28  3:15  Factory Tech Lab  
  28  3:17  Starport, SCV  
  29  3:30  SCV  
  29  3:33  Marine  
  29  3:34  Marine  
  32  3:44  Barracks  
  32  3:46  SCV x2  
  32  3:47  Barracks  
  34  3:53  Siege Tank  
  37  3:57  Viking  
  39  4:03  SCV x2  
  39  4:07  Supply Depot  
  41  4:15  SCV x2  
  41  4:16  Marine x2  
  45  4:27  SCV  
  45  4:29  Siege Tank, SCV  
  50  4:35  Starport Reactor  
  50  4:39  Refinery, SCV  
  50  4:41  SCV  
  52  4:48  Engineering Bay  
  52  4:52  SCV  
  53  4:56  Marine  
  53  4:58  Barracks Tech Lab, Refinery  
  53  4:59  Barracks Reactor  
  54  5:05  Supply Depot  
  54  5:26  Viking, Marine, SCV x2  
  59  5:32  Supply Depot  
  59  5:34  Marine x2  
  61  5:38  SCV  
  62  5:45  Marine, Siege Tank, SCV  
  67  5:56  Marine  
  68  5:58  Marine x3  
  68  6:00  Stimpack  
  68  6:03  Marine  
  72  6:05  Viking x2  
  72  6:07  Missile Turret  
  71  6:29  Marine x4  
  67  7:00  Command Center  
  64  7:05  Command Center  
  64  7:20  Supply Depot  
  64  7:21  Medivac x2  
  68  7:22  Supply Depot  
  68  7:27  Marine x3  
  71  7:41  Marine x2, Siege Tank  
  76  7:47  Supply Depot x2  
  76  7:53  Medivac x2  
  80  8:02  Marine  
  80  8:03  Marine x3  
  84  8:17  Missile Turret  
  84  8:24  SCV  
  84  8:26  Orbital Command  
  85  8:28  Refinery  
  85  8:37  Marine x3  
  85  8:38  Marine x2  
  90  8:52  Missile Turret  
  90  8:53  Missile Turret  
  90  8:54  Combat Shields  
  90  9:05  Medivac x2  
  94  9:14  Marine x5  
  94  9:17  SCV  
  100  9:19  SCV  
  100  9:20  Terran Infantry Weapons Level 1  
  101  9:25  Missile Turret  
  101  9:31  Marine  
  102  9:47  Viking x2  
  105  10:06  Orbital Command  
  77  10:37  Marine  
  77  10:38  Marine x4  
  82  10:55  Marine x3  
  82  10:56  Marine x2  
  87  11:04  Supply Depot x2  
  87  11:08  Siege Tank  
  90  11:14  Starport, Factory  
  90  11:17  Missile Turret  
  89  11:51  Marine x2  
  89  11:52  Marine x3  
  84  12:26  Marine x5  
  84  12:38  Liberator x2  
  83  12:48  SCV x3  
  83  12:49  Marine x5  
  91  12:55  Factory Tech Lab  
  91  12:57  Starport Reactor  
  91  12:58  Starport  
  97  13:00  SCV  
  98  13:07  Marine x2, SCV x2  
  98  13:12  SCV  
  103  13:14  Supply Depot, Terran Infantry Armor Level 1  
  103  13:15  Supply Depot  
  103  13:18  Siege Tank  
  106  13:21  SCV x2  
  106  13:23  Missile Turret  
  108  13:32  Command Center  
  108  13:39  Siege Tank  
  111  13:43  Starport Reactor  
  111  13:48  Refinery  
  111  13:49  Refinery  
  111  13:50  Siege Tank  
  111  13:51  SCV x2  
  111  13:52  SCV  
  111  13:54  Supply Depot  
  117  13:56  Supply Depot  
  117  14:03  SCV  
  117  14:05  Liberator x2  
  117  14:08  Marine x3  
  117  14:09  Marine x2  
  123  14:20  Medivac x3  
  123  14:21  Medivac  
  137  14:24  Siege Tank  
  137  14:27  Siege Tank  
  143  14:32  Supply Depot  
  143  14:38  Missile Turret  
  143  14:51  Liberator x4  
  143  15:10  Liberator x2  
  143  15:11  Marine  
  143  15:12  Marine x4  
  160  15:17  Siege Tank x2  
  166  15:21  Supply Depot  
  172  15:32  Planetary Fortress  
  172  15:50  Liberator x2  
  170  16:06  Medivac x2  
  170  16:10  Siege Tank x2  
  170  16:11  Marine x2  
  188  16:46  Marine x5, Siege Tank, Medivac x2  
  200  16:55  Armory  
  200  17:31  Starport  
  200  17:33  Factory  
  200  18:15  Medivac  
  200  18:16  Siege Tank  
  186  19:13  Supply Depot x2  
  186  19:15  Supply Depot  
  186  19:16  Supply Depot  
  110  20:15  Viking x2  
  110  20:16  Viking x3  
  110  20:17  Viking  
  105  20:36  Terran Ship Weapons Level 1  
  105  20:38  Starport Reactor  
  105  20:45  Viking x2  
  105  20:46  Viking x4, Missile Turret x2  
  105  20:47  Missile Turret  
  105  20:48  Missile Turret  
  93  21:15  Viking x2  
  93  21:16  Viking x3  
  82  22:35  Liberator  
  82  22:36  Liberator  
  82  22:37  Marine x4  
  82  22:38  Marine  
  79  22:55  Marine x2  
  79  22:58  Marine x3  
  86  23:02  Refinery  
  86  23:04  Refinery  
  84  23:13  Marine x2  
  84  23:15  Marine  
  86  24:00  Command Center  
  86  24:02  Marine x4  
  87  24:03  Marine  
  91  24:20  Marine x4, SCV  
  96  24:44  SCV  
  97  24:53  SCV  
  97  24:56  SCV  
  99  25:09  SCV x3  
  102  25:21  SCV  
  102  26:19  Liberator  
  85  26:51  Marine x2  
  85  26:52  Marine x3  
  69  27:51  Marine x4  
  69  27:52  Marine  
  74  28:09  Marine  
  73  28:52  Refinery x2  
  73  28:55  Orbital Command  
  73  29:35  Orbital Command  
  73  29:52  Marine x2  
  73  29:53  Marine x3  
  78  30:07  SCV x2  
  78  30:08  Liberator x2  
  78  30:13  Marine x4  
  78  30:14  Marine  
  85  30:19  SCV  
  85  30:20  SCV  
  87  30:25  Refinery  
  93  30:28  Viking  
  93  30:30  Viking  
  93  30:33  SCV x2  
  99  30:52  SCV x2  
  101  31:02  Viking x2  
  105  31:06  SCV x2  
  107  31:17  Marine  
  108  31:23  SCV x2  
  110  31:29  Refinery  
  110  31:32  Marine x4  
  112  31:34  Marine  
  112  31:35  SCV x2  
  112  31:38  Terran Ship Weapons Level 2  
  117  31:53  SCV x2  
  119  31:59  Marine  
  119  32:00  Marine x4  
  124  32:06  Viking  
  124  32:08  Viking  
  128  32:09  Viking x2  
  132  32:17  SCV  
  132  32:18  SCV  
  134  32:23  Viking x2  
  134  32:25  Medivac  
  140  33:29  Viking x3  
  150  33:38  Viking  
  104  35:28  Liberator x2  
  103  35:54  Marine  
  103  35:55  Marine x4  
  108  36:12  Marine x2  
  108  36:13  Marine x3  
  100  36:30  Marine x4  
  100  36:31  Marine  
  91  36:48  Marine  
Show
View Real Time Build Order
Export as new Build Order

Aradan Terran - Winner!

Build Orders:  

Get SALT Encoding   

  12  0:01  SCV  
  13  0:18  Supply Depot, SCV  
  14  0:30  SCV  
  15  0:41  Barracks  
  15  0:43  Refinery  
  15  0:48  Refinery  
  15  0:51  SCV  
  16  1:03  SCV  
  17  1:18  Barracks, SCV  
  18  1:33  Factory  
  18  1:38  SCV  
  19  1:54  Orbital Command  
  19  2:15  Supply Depot  
  19  2:17  Barracks Tech Lab  
  19  2:18  Factory Tech Lab  
  19  2:20  Barracks Reactor  
  19  2:29  Supply Depot  
  19  2:35  Marine  
  20  2:43  Siege Tank  
  23  2:46  SCV  
  24  3:04  Starport  
  24  3:07  SCV  
  24  3:11  Concussive Shells  
  25  3:19  SCV  
  26  3:33  SCV  
  27  3:42  Starport Reactor, Command Center  
  27  3:49  Marine x2  
  29  3:56  Marauder  
  29  3:57  Combat Shields  
  31  4:08  Marine x2  
  33  4:19  Marauder, Medivac  
  33  4:20  Medivac  
  39  4:29  Marine x2  
  41  4:34  Supply Depot  
  41  4:43  Siege Tank  
  41  4:45  Marine  
  45  4:52  Medivac  
  47  5:04  Engineering Bay, Marine  
  48  5:08  Marine  
  48  5:13  Marine  
  49  5:31  Siege Tank  
  52  5:38  SCV  
  52  5:39  Missile Turret  
  52  5:42  Liberator  
  53  5:50  SCV  
  54  6:03  Siege Tank  
  58  6:40  Liberator x2  
  40  6:55  Marine x3  
  46  7:13  Marine x3  
  46  7:14  Orbital Command  
  49  7:16  SCV  
  50  7:28  SCV  
  50  7:29  Sensor Tower  
  51  7:32  Marine x2  
  51  7:35  Liberator  
  53  7:40  Viking, SCV  
  53  7:42  Barracks  
  56  7:45  SCV  
  56  7:50  Supply Depot  
  57  7:52  SCV  
  57  7:57  Refinery, SCV  
  62  7:58  Refinery  
  62  8:03  Widow Mine  
  62  8:04  SCV  
  65  8:07  Stimpack  
  65  8:09  SCV  
  66  8:16  SCV  
  67  8:21  SCV  
  67  8:25  Liberator  
  68  8:28  SCV  
  68  8:33  Command Center  
  68  8:34  SCV  
  70  8:48  Starport, Marauder  
  75  9:06  Widow Mine  
  75  9:09  Marine  
  77  9:12  Barracks Reactor  
  77  9:16  Marine x2  
  80  9:22  Supply Depot  
  80  9:25  Armory  
  80  9:27  Marine  
  81  9:34  Marine  
  81  9:35  Widow Mine  
  84  9:45  Supply Depot  
  84  9:51  Marine  
  84  9:52  Marine x4  
  89  10:04  Siege Tank  
  92  10:09  Marine x2  
  92  10:10  Marine x3  
  91  10:30  Liberator x2  
  75  10:36  Widow Mine  
  71  11:02  Marine x3  
  74  11:05  Siege Tank  
  77  11:12  Factory, Starport Tech Lab  
  77  11:13  Liberator  
  77  11:30  Medivac  
  82  11:36  Widow Mine  
  82  11:38  Planetary Fortress  
  84  11:54  Missile Turret  
  84  11:56  Liberator  
  84  11:59  Marine x5  
  84  12:00  Medivac  
  91  12:02  Sensor Tower  
  91  12:03  Medivac  
  91  12:05  Siege Tank  
  96  12:14  Missile Turret  
  95  12:21  Orbital Command  
  93  12:37  Missile Turret  
  89  12:44  Missile Turret  
  89  12:47  Marine x2  
  89  12:48  Marine  
  92  12:59  SCV  
  92  13:01  Refinery x2  
  92  13:03  Fusion Core  
  93  13:11  SCV  
  94  13:21  SCV  
  94  13:24  SCV  
  96  13:29  Marine x3  
  96  13:33  SCV  
  100  13:45  SCV  
  100  13:47  Siege Tank  
  104  13:49  Factory Tech Lab  
  104  13:59  Starport  
  104  14:05  SCV  
  104  14:06  SCV  
  106  14:10  Weapon Refit  
  106  14:13  Battlecruiser  
  106  14:17  SCV  
  113  14:18  SCV  
  113  14:19  Siege Tank  
  117  14:36  SCV x2, Command Center  
  117  14:37  Starport  
  119  14:40  Supply Depot  
  119  14:43  Terran Vehicle Weapons Level 1  
  118  14:48  Armory  
  118  14:49  SCV  
  119  15:05  Starport Tech Lab  
  119  15:07  Refinery  
  117  15:10  Drilling Claws  
  117  15:21  Marine x4  
  117  15:22  Marine  
  122  15:29  Starport Tech Lab  
  122  15:31  Battlecruiser  
  122  15:32  Refinery  
  122  15:33  Barracks  
  128  15:36  SCV  
  128  15:37  Battlecruiser  
  128  15:39  Marine x3  
  138  15:43  Supply Depot  
  138  15:48  Planetary Fortress  
  138  15:49  SCV  
  139  15:54  Terran Vehicle And Ship Armor Level 1  
  139  16:01  SCV  
  140  16:14  Widow Mine  
  140  16:15  Widow Mine  
  144  16:23  Barracks  
  144  16:25  Factory  
  144  16:29  Battlecruiser  
  150  16:38  Terran Ship Weapons Level 1  
  150  16:43  Widow Mine x2  
  154  17:05  Battlecruiser  
  160  17:10  Factory  
  160  17:13  Battlecruiser  
  166  17:18  Supply Depot  
  166  17:27  SCV  
  167  17:40  Battlecruiser  
  167  17:42  Supply Depot  
  173  17:52  Barracks Tech Lab  
  173  17:53  Barracks Reactor  
  173  18:00  Supply Depot  
  173  18:02  Supply Depot  
  173  18:31  Terran Vehicle Weapons Level 2  
  173  18:38  Battlecruiser x2  
  161  19:12  Viking x3  
  167  19:18  Terran Vehicle And Ship Armor Level 2  
  161  19:42  Viking, Battlecruiser  
  169  19:49  Battlecruiser x2  
  166  20:10  Marine x2  
  166  20:11  Marine x4  
  166  20:12  Marine x2  
  162  20:28  Marine x2  
  163  20:34  Marine x3  
  163  20:35  Marine x3  
  170  20:46  Battlecruiser, Marine x2  
  178  20:52  Marine  
  173  21:24  Marine  
  173  21:25  Marine x7  
  166  21:42  Marine  
  166  21:43  Marine x3  
  160  21:50  Viking x3  
  142  22:18  Viking x2  
  142  22:20  Viking x3  
  142  22:22  Marine  
  109  22:48  Viking, Battlecruiser  
  105  22:53  Marine x3  
  105  22:54  Marine  
  103  23:08  Marine x4  
  107  23:45  Orbital Command  
  107  23:50  Command Center  
  105  24:12  Missile Turret  
  105  24:13  Refinery  
  105  24:24  Marine  
  105  24:25  Marine x7  
  105  24:27  Viking  
  115  24:32  Missile Turret  
  115  24:34  Terran Vehicle Weapons Level 3  
  115  24:42  Marine x2  
  115  24:43  Marine x2  
  119  24:52  SCV  
  120  24:54  Missile Turret  
  120  25:04  SCV  
  121  25:57  Marine x5  
  120  25:58  Marine x2  
  120  26:00  Siege Tank  
  120  26:01  Siege Tank  
  104  26:41  Marine x5  
  104  26:45  Orbital Command  
  77  27:47  Widow Mine x2  
  77  27:49  Battlecruiser x3  
  99  27:54  SCV  
  100  28:03  Orbital Command  
  100  28:06  SCV  
  100  28:12  Terran Vehicle And Ship Armor Level 3  
  101  28:15  Widow Mine x2  
  101  28:18  SCV  
  106  28:30  SCV  
  107  28:40  SCV  
  108  28:42  SCV  
  109  28:52  SCV  
  109  28:54  SCV  
  111  29:00  Missile Turret  
  111  29:04  SCV  
  111  29:06  SCV  
  113  29:19  Missile Turret, SCV  
  113  29:20  SCV  
  115  29:24  Refinery  
  115  29:31  SCV  
  116  29:32  SCV  
  117  29:40  Missile Turret  
  117  29:43  SCV  
  117  29:44  Siege Tank, SCV  
  128  29:45  Battlecruiser  
  128  29:55  SCV  
  128  29:56  SCV  
  128  29:57  Refinery  
  128  29:59  Command Center  
  130  30:07  SCV  
  130  30:08  SCV  
  130  30:11  Viking  
  130  30:12  Viking x2  
  138  30:19  SCV  
  138  30:21  SCV  
  140  30:31  Marine x4, SCV  
  140  30:34  Terran Infantry Weapons Level 1  
  145  30:43  SCV x2  
  145  30:49  SCV  
  148  30:55  SCV  
  148  30:56  SCV  
  150  31:02  SCV  
  150  31:03  Battlecruiser  
  157  31:07  SCV  
  157  31:08  SCV  
  159  31:14  SCV  
  159  31:15  Widow Mine x2  
  164  31:20  SCV  
  164  31:23  Planetary Fortress  
  165  31:27  SCV x2  
  165  31:30  Refinery  
  165  31:32  SCV  
  168  31:39  SCV x2  
  170  31:43  Widow Mine x2  
  174  31:58  Battlecruiser  
  180  32:12  Widow Mine x2  
  184  32:28  Terran Infantry Armor Level 1  
  184  32:40  Widow Mine  
  184  33:08  Widow Mine  
  184  33:09  Widow Mine, Marine  
  184  33:10  Marine  
  184  33:11  Battlecruiser  
  280  33:12  Viking x2  
  188  34:14  Battlecruiser x2  
  197  34:48  Viking  
  191  35:09  Widow Mine  
  191  35:10  Widow Mine  
  191  35:11  Marine x4  
  191  35:12  Marine  
  192  35:31  Battlecruiser  
  194  35:38  Battlecruiser  
  200  35:56  Missile Turret  
  200  35:58  Missile Turret x2  
  187  36:38  Battlecruiser x2  
  192  36:49  Viking x2  
  192  36:50  Viking  
  198  36:58  Marine  
  198  36:59  Marine x2  
  167  37:38  Marine x5  
  167  37:39  Marine x3  
Tags
 
Composition
MMM Bio
League
GoldGold
Matchup
TvT
Race
Terran
Add a new tag
Caveats
  • Supply blocks, unpowered buildings, or Contaminate may cause inaccurate times.
  • Supply counts are checked every 10 seconds.